 Dungeon Crawl Stone Soup version 0.17.0-24-gcfadda4 (webtiles) character file.

254 shklvsk the Cutter (level 5, -13/38 HPs)
             Began as a Mummy Gladiator on Nov 16, 2015.
             Was an Initiate of Dithmenos.
             Mangled by an ogre
             ... wielding a +0 giant club
              (16 damage)
             ... on level 4 of the Dungeon.
             The game lasted 00:10:13 (4655 turns).

shklvsk the Cutter (Mummy Gladiator)                Turns: 4655, Time: 00:10:14

Health: -13/38     AC:  4    Str: 23    XL:     5   Next: 91%
Magic:  6/6        EV: 12    Int:  7    God:    Dithmenos [......]
Gold:   135        SH:  0    Dex: 13    Spells: 0 memorised, 4 levels left

rFire  x . .     SeeInvis .     h - +3 dagger
rCold  + . .     Clarity  .     b - +0 leather armour
rNeg   + + +     SustAt   .     (no shield)
rPois  ∞         Gourm    .     c - +0 helmet
rElec  .         Spirit   .     (no cloak)
rCorr  .         Warding  .     (no gloves)
rMut   .         Stasis   .     (no boots)
MR     .....                    (no amulet)
Stlth  ++........               n - ring of invisibility
                                f - +4 ring of strength

@: not resistant to hostile enchantments, unstealthy
A: no food or potions, fire vulnerability, cold resistance 1, negative energy
resistance 3, torment resistance, unbreathing
a: Renounce Religion, Evoke Invisibility


You were on level 4 of the Dungeon.
You worshipped Dithmenos.
Dithmenos was noncommittal.
You were not hungry.

You visited 1 branch of the dungeon, and saw 4 of its levels.

You collected 135 gold pieces.

Inventory:

Hand Weapons
 a - a +0 flail
 g - a +0 vampiric short sword
 h - a +3 dagger (weapon)
 o - a +0 blowgun
Missiles
 d - a throwing net (quivered)
 e - 114 stones
 r - 28 sling bullets
Armour
 b - a +0 leather armour (worn)
 c - a +0 helmet (worn)
 m - a +0 chain mail
Jewellery
 f - a +4 ring of strength (left hand)
 n - a ring of invisibility (right hand)
 p - an uncursed ring of ice
Scrolls
 i - a scroll of identify
 j - 4 scrolls of teleportation {unknown}
 k - a scroll of amnesia {unknown}
 l - a scroll of fear
 q - a scroll of remove curse


   Skills:
 - Level 2.0 Fighting
 * Level 3.4 Short Blades
 - Level 2.9 Maces & Flails
 - Level 1.5 Throwing
 - Level 2.4 Dodging
 * Level 2.1 Stealth
 * Level 1.5 Evocations


You had 4 spell levels left.
You didn't know any spells.

Dungeon Overview and Level Annotations

Branches:
Dungeon (4/15)
 Temple: D:4-7

Altars:
Dithmenos
Fedhas
Gozag
Kikubaaqudgha

Annotations:
D:3 exclusion: downstairs
D:4 Eustachio


Innate Abilities, Weirdness & Mutations

You do not eat or drink.
Your flesh is vulnerable to fire.
You are immune to poison.
Your flesh is cold resistant.
You are immune to negative energy.
You are immune to unholy pain and torment.
You can survive without breathing.


Message History

The ogre hits you with a giant club!!
Ouch! That really hurt!
* * * LOW HITPOINT WARNING * * *
You hit the ogre.
The ogre is moderately wounded.
The ogre misses you.
You hit the ogre.
The ogre is heavily wounded.
You hit the ogre.
The ogre is heavily wounded.
The ogre closely misses you.
You hit the ogre.
The ogre is severely wounded.
The ogre barely misses you.
You hit the ogre.
The ogre is severely wounded.
You hit the ogre.
The ogre is severely wounded.
The ogre hits you with a giant club!
You die...

##.###.......#
##.# #.......#
...###.......#
....##.......#
###.##.......# ###
.##.##.......# #..
.##.##.......# #.#
.##.########## #O#
....# ##.## #@#
.######...## #.#
.# ##.....## #.#
.# ##.......## #.#
.###.........###.#
.................#
######.[...#######
##...## ##.##


You could see an ogre.

Vanquished Creatures
  A crimson imp (D:4)
  A hound (D:4)
  An orc wizard (D:3)
  A worker ant (D:4)
  Natasha (twice) (D:4)
  Robin (D:4)
  3 adders
  A giant gecko (D:3)
  4 orcs (D:3)
  18 goblins
  8 hobgoblins
  2 kobolds
  2 quokkas (D:2)
  7 bats
  5 giant cockroaches
  4 giant newts
  7 rats
68 creatures vanquished.

Notes
Turn   | Place    | Note
--------------------------------------------------------------
     0 | D:1      | shklvsk the Mummy Gladiator began the quest for the Orb.
     0 | D:1      | Reached XP level 1. HP: 16/16 MP: 1/1
   258 | D:1      | Reached XP level 2. HP: 22/22 MP: 2/2
  1115 | D:2      | Reached skill level 1 in Stealth
  1158 | D:2      | Reached skill level 1 in Short Blades
  1199 | D:2      | Reached XP level 3. HP: 25/27 MP: 3/3
  2098 | D:3      | Reached XP level 4. HP: 25/33 MP: 4/4
  3047 | D:4      | Noticed Robin
  3178 | D:4      | Noticed Eustachio
  3178 | D:4      | Noticed an ice beast
  3317 | D:4      | Found a blossoming altar of Fedhas.
  3379 | D:4      | Reached skill level 1 in Evocations
  3379 | D:4      | Reached XP level 5. HP: 12/38 MP: 5/5
  3605 | D:4      | Found a shadowy altar of Dithmenos.
  3607 | D:4      | Found an ancient bone altar of Kikubaaqudgha.
  3611 | D:4      | Became a worshipper of Dithmenos the Shadowed
  3659 | D:4      | Noticed Natasha
  3668 | D:4      | Killed Natasha
  3751 | D:4      | Found an opulent altar of Gozag.
  3810 | D:4      | Reached skill level 3 in Short Blades
  4004 | D:4      | Killed Robin
  4017 | D:4      | Noticed a phantom
  4551 | D:4      | Noticed Natasha
  4584 | D:4      | Killed Natasha
  4641 | D:4      | Noticed an ogre
  4655 | D:4      | Mangled by an ogre

Action                   |  1- 3 |  4- 6 || total
-------------------------+-------+-------++-------
Melee: Flail             |    22 |       ||    22
       Short sword       |    33 |     1 ||    34
       Dagger            |   118 |   149 ||   267
Throw: Throwing net      |       |     2 ||     2
  Use: Scroll            |       |     2 ||     2
 Stab: Sleeping          |     1 |     2 ||     3
       Distracted        |       |     1 ||     1
